 Dungeon Crawl Stone Soup version 0.17-a0-1946-gfb768fe (webtiles) character file.

129741 achirane the Brawler (level 16, -7/195 HPs)
             Began as a Troll Transmuter on Oct 1, 2015.
             Was the Champion of Dithmenos.
             Killed by the raging water
             ... invoked by a water nymph
              (16 damage)
             ... on level 2 of the Shoals.
             The game lasted 06:09:04 (22640 turns).

achirane the Brawler (Troll Transmuter)            Turns: 22640, Time: 06:09:04

Health: -7/195     AC:  9    Str: 27    XL:     16   Next: 51%
Magic:  20/20      EV: 23    Int: 10    God:    Dithmenos [******]
Gold:   972        SH:  0    Dex: 19    Spells: 6 memorised, 5 levels left

rFire  x . .     SeeInvis .       - Unarmed
rCold  + + +     Clarity  .     (armour currently unavailable)
rNeg   . . .     SustAt   .     (shield currently unavailable)
rPois  +         Gourm    +     (helmet currently unavailable)
rElec  .         Spirit   .     (cloak currently unavailable)
rCorr  .         Warding  .     (gloves unavailable)
rMut   .         Stasis   .     (boots unavailable)
MR     +....                    n - amulet of faith {Faith, !P}
Stlth  +++++++...               i - +3 ring of protection
                                z - ring of stealth {Stlth+}

@: mighty, agile, ice-form, mesmerised, wreathed by umbra, repel missiles,
somewhat resistant to hostile enchantments, extremely stealthy
A: unfitting armour, (claws 0), fast metabolism 3, gourmand, regeneration 2,
(shaggy fur 0), (tough skin 0)
a: End Transformation, Shadow Step, Shadow Form, Renounce Religion


You were on level 2 of the Shoals.
You worshipped Dithmenos.
Dithmenos was exalted by your worship.
You were very full.
You were a creature of crystalline ice.
You visited 7 branches of the dungeon, and saw 37 of its levels.
You also visited: Ice Cave.

You collected 2565 gold pieces.
You spent 1593 gold pieces at shops.

Inventory:

Hand weapons
 a - a +1 blowgun
   (You bought it in a shop on level 1 of the Snake Pit)
Missiles
 f - 53 poisoned needles
 r - 4 throwing nets {=f, !d}
 C - 23 javelins (quivered)
 I - 3 needles of sleeping
 J - 5 large rocks {!d}
Armour
 b - a +2 robe of fire resistance
   (You bought it in a shop on level 4 of the Orcish Mines)
 g - a +2 cloak (melded)
   (You took it off Maurice on level 1 of the Orcish Mines)
 W - a +2 robe of magic resistance (melded)
   (You bought it in a shop on level 4 of the Orcish Mines)
Magical staves
 Y - an uncursed staff of energy {@w1+MP, hungerless spells, !d!a}
   (You found it on level 14 of the Dungeon)
Jewellery
 c - an uncursed ring of flight {+Fly, !d}
   (You found it on level 7 of the Lair of Beasts)
 i - a +3 ring of protection (right front paw)
   (You found it on level 1 of the Dungeon)
 j - an uncursed ring of protection from magic {MR+, !d}
   (You found it on level 1 of the Dungeon)
 k - a +3 ring of strength
   (You found it on level 12 of the Dungeon)
 n - an amulet of faith (around neck) {Faith, !P}
   (You found it on level 1 of the Dungeon)
 v - an uncursed ring of fire {rF+, rC-}
   (You found it on level 2 of the Dungeon)
 z - a ring of stealth (left front paw) {Stlth+}
   (You found it on level 1 of the Snake Pit)
 K - an uncursed ring of ice {rC+, rF-}
   (You acquired it on level 9 of the Dungeon)
 O - a +3 ring of evasion
   (You found it on level 14 of the Dungeon)
Magical devices
 h - a wand of polymorph (2)
   (You found it on level 8 of the Dungeon)
 t - a wand of cold (1)
   (You found it on level 4 of the Snake Pit)
 u - a wand of heal wounds (0)
   (You found it on level 6 of the Dungeon)
 y - a wand of digging (17)
   (You found it on level 4 of the Lair of Beasts)
 L - a wand of slowing (20)
   (You found it on level 10 of the Dungeon)
 N - a wand of enslavement (14)
   (You found it on level 2 of the Lair of Beasts)
 Z - a wand of disintegration (1)
   (You found it on level 5 of the Lair of Beasts)
Scrolls
 s - 9 scrolls of remove curse
 x - 4 scrolls of enchant armour
 A - a scroll of fog
 E - a scroll of holy word {!r}
 M - a scroll of teleportation
 T - 3 scrolls of magic mapping {!r}
Potions
 e - 3 potions of curing
 l - a potion of resistance
 m - 2 potions of magic
 o - 3 potions of brilliance
 w - 3 potions of cure mutation {!q}
 B - 4 potions of might
 F - a potion of lignification {unknown}
 V - a potion of degeneration {unknown}
Books
 D - a book of Hinderance
   (You bought it in a shop on level 4 of the Orcish Mines)
 U - a book of Air
   (You bought it in a shop on level 4 of the Orcish Mines)
Miscellaneous
 S - a box of beasts {used: 2}
   (You found it on level 14 of the Dungeon)
Comestibles
 d - 13 bread rations {@e1}
 p - 16 fruits
 q - 10 meat rations {@e2}
 Q - a slice of pizza
 R - 2 royal jellies


   Skills:
 - Level 11.4 Fighting
 - Level 10.1 Dodging
 - Level 15.7 Unarmed Combat
 - Level 3.6 Spellcasting
 - Level 2.2 Charms
 + Level 7.6 Transmutations
 - Level 7.2 Ice Magic
 - Level 2.3 Air Magic
 + Level 8.3 Earth Magic
 - Level 5.2 Evocations


You had 5 spell levels left.
You knew the following spells:

 Your Spells              Type           Power        Failure   Level  Hunger
a - Beastly Appendage     Trmt           ###...       1%          1    #......
b - Ice Form              Ice/Trmt       ###.....     14%         4    #####..
c - Statue Form           Trmt/Erth      ###......    99%         6    #######
d - Repel Missiles        Chrm/Air       #.....       17%         2    ###....
e - Confusing Touch       Hex            #.....       47%         2    ###....
s - Stoneskin             Trmt/Erth      ###.....     1%          2    ###....


Dungeon Overview and Level Annotations

Branches:
Dungeon (15/15)            Temple (1/1) D:7            Lair (8/8) D:11
 Shoals (4/4) Lair:6        Snake (4/4) Lair:4          Orc (4/4) D:9
    Elf (0/3) Orc:4        Vaults (0/5) D:14         Depths (1/5) D:15
  Slime: Lair:6-8

Altars:
Ashenzari
Cheibriados
Dithmenos
Elyvilon
Fedhas
Gozag
Kikubaaqudgha
Makhleb
Nemelex Xobeh
Okawaru
Qazlal
Ru
Sif Muna
Trog
Vehumet
Xom
Yredelemnul
Zin

Shops:
D:9 ?   Orc:2 !   Orc:3 ?   Orc:4 [*(:   Shoals:3 }   Snake:1 (

Annotations:
D:10 exclusion: Fannar, Fannar
D:15 exclusion: Roxanne, Roxanne
Lair:1 Erica; tp1's ghost, experienced GrBe
Lair:7 DizzySkin's ghost, powerful MiFi
Lair:8 graki42's ghost, powerful DEFE
Shoals:4 Ilsuiw
Snake:3 Asterion
Snake:4 Louise


Innate Abilities, Weirdness & Mutations

You are too large for most types of armour.
((You have claws for hands.))
Your metabolism is lightning-fast.
You like to eat raw meat.
You heal very quickly.
((You are covered in fur (AC +1).))
((You have very tough skin (AC +2).))


Message History

You feel much better.
This wand has 1 charge left.
The merfolk impaler hits you from afar with a trident of freezing!
* * * LOW HITPOINT WARNING * * *
The merfolk impaler freezes you.
* * * LOW HITPOINT WARNING * * *
The merfolk impaler hits you from afar with a trident of freezing!
* * * LOW HITPOINT WARNING * * *
The merfolk impaler freezes you.
* * * LOW HITPOINT WARNING * * *
The merfolk hits you from afar with a trident.
* * * LOW HITPOINT WARNING * * *
You take 22 damage, and have 7/163 hp.
Evoke which item? (* to show all) (? for menu, Esc to quit)
Okay, then.
Unknown command.
Unknown command.
Evoke which item? (* to show all) (? for menu, Esc to quit)
Zapping:
u - a wand of heal wounds (1)
Press: ? - help, Shift-Dir - straight line, f - you Not wearing; Degree: 0 You feel much better.
This wand has 0 charges left.
Your surroundings suddenly seem different.
Splash!
You fall into the shallow water.
Moving in this stuff is going to be slow.
The water nymph shouts!
The water nymph casts a spell at you. The water swirls and strikes you!
* * * LOW HITPOINT WARNING * * *
You emit a cloud of dark smoke.
Casting: Ice Form
Confirm with . or Enter, or press ? or * to list all spells.
You turn into a creature of crystalline ice.
Your +2 cloak melds into your body.
Your +2 robe of magic resistance melds into your body.
You feel less resistant to hostile enchantments.
You now have 9/195 hp.
Drink which item? (? for menu, Esc to quit)
Okay, then.
Unknown command.
Read which item? (? for menu, Esc to quit)
Okay, then.
Evoke which item? (* to show all) (? for menu, Esc to quit)
You have no means to grasp a wand firmly enough.
Unknown command.
The sentinel's mark upon you fades away.
The siren chants a haunting song.
You resist with some effort.
The siren chants a haunting song.
You are mesmerised by the siren!
The siren chants its luring song.
The siren chants its luring song.
The siren chants its luring song.
The water nymph casts a spell at you. The water swirls and strikes you!
* * * LOW HITPOINT WARNING * * *
You take 18 damage, and have 2/195 hp.
Drink which item? (? for menu, Esc to quit)
Okay, then.
Drink which item? (? for menu, Esc to quit)
Okay, then.
Read which item? (? for menu, Esc to quit)
As you read the scroll of fog, it crumbles to dust.
The scroll dissolves into smoke.
Drink which item? (? for menu, Esc to quit)
Okay, then.
Drink which item? (? for menu, Esc to quit)
Really quaff
H - a potion of ambrosia {!q}?
You are confused.
You feel invigorated.
Not wearing; Degree: 0 The siren chants its luring song.
You regained 6 hp, and now have 9/195 hp.
MP restored: 20 Not wearing; Degree: 0 The siren chants its luring song.
You regained 4 hp, and now have 13/195 hp.
Not wearing; Degree: 0 You feel less invigorated.
You feel less confused.
You regained 5 hp, and now have 18/195 hp.
You punch the water nymph! You freeze the water nymph.
The water nymph is moderately wounded.
Your shadow hits the water nymph. The water nymph barely misses you.
Drink which item? (? for menu, Esc to quit)
You feel agile all of a sudden.
The siren chants its luring song.
The water nymph touches you.
Drink which item? (? for menu, Esc to quit)
You feel very mighty all of a sudden. The siren misses you.
The water nymph gestures at you while chanting.
The water swirls and strikes you!
* * * LOW HITPOINT WARNING * * *
You take 11 damage, and have 9/195 hp.
You closely miss the water nymph.
The water nymph is moderately wounded.
Your shadow closely misses the water nymph.
The water nymph gestures at you while chanting.
The water swirls and strikes you!
You die...

≈≈≈≈≈≈≈≈≈≈≈≈≈≈≈≈≈≈≈≈≈≈≈≈
≈≈≈≈≈≈≈≈≈≈≈≈≈≈≈≈≈≈≈≈≈≈≈≈
≈≈≈≈≈≈≈≈≈≈≈≈≈≈≈≈≈≈≈≈≈≈≈≈
≈≈≈≈≈§≈≈≈≈≈≈≈≈≈≈≈≈≈≈≈≈≈≈
.≈≈§≈§§≈≈≈≈≈≈≈≈≈≈≈≈≈≈≈≈≈
#.§§§§§≈≈≈≈≈≈≈≈≈≈≈≈≈≈≈≈≈
..§§§§≈≈≈≈≈≈≈≈§≈§≈§≈≈≈≈≈
..§§§§§≈≈≈≈≈≈≈≈≈§§≈≈≈≈≈≈
..>§§.≈≈≈≈≈≈≈≈mmY§≈≈≈≈≈≈
.[.....≈≈≈≈≈≈≈§§§§≈≈≈≈≈≈
(.......≈.≈≈≈≈≈≈§≈≈≈≈≈≈≈
..........≈≈≈≈≈≈≈≈≈≈≈≈≈≈
............≈≈≈≈≈≈≈≈≈≈≈≈
................≈≈≈≈≈≈≈≈
...)............≈≈≈≈≈≈≈≈
.................≈≈≈≈≈≈≈
..............#....≈≈≈≈≈


You could see a water nymph and a siren.

Vanquished Creatures
  2 greater nagas
  2 orc warlords
  Snorg (Orc:3)
  2 merfolk javelineers
  3 merfolk impalers
  6 hydras
  4 naga warriors
  2 merfolk avatars (Shoals:4)
  3 anacondas
  5 centaur warriors
  A merfolk aquamancer (Shoals:3)
  An alligator snapping turtle (Shoals:1)
  2 tengu warriors (D:14)
  Urug (Lair:2)
  4 orc high priests (Orc:4)
  7 death yaks
  5 naga sharpshooters
  A shock serpent (Lair:4)
  An unseen horror (D:15)
  9 skeletal warriors
  An ice devil (IceCv)
  A sea snake (shapeshifter) (D:15)
  9 harpies
  A salamander mystic (Snake:3)
  A giant orange brain (D:15)
  5 sea snakes
  3 ice statues (IceCv)
  4 hill giants
  A lindwurm (Lair:5)
  4 ugly things (D:15)
  3 manticores
  5 orc knights
  3 water nymphs
  2 necromancers
  4 fauns (Shoals:3)
  2 mana vipers (Snake:1)
  7 griffons
  3 salamanders
  3 cyclopes
  4 orc sorcerers
  8 naga magi
  Maurice (Orc:1)
  6 sirens
  Psyche (D:8)
  3 centaur skeletons
  18 black mambas
  A torpor snail (Lair:4)
  15 spiny frogs
  4 komodo dragons
  2 spiny frogs (shapeshifter) (D:15)
  A gargoyle (D:10)
  8 fire drakes
  A yaktaur (D:15)
  2 tengu conjurers (D:14)
  17 merfolk
  9 blue devils (IceCv)
  4 trolls
  2 wind drakes (Shoals:3)
  3 two-headed ogres
  35 blink frogs
  2 slime creatures (D:15)
  4 snapping turtles
  A wraith (D:12)
  24 yaks
  4 water elementals
  2 deep elf magi
  A vampire (D:14)
  2 basilisks
  A vampire mosquito (Lair:8)
  3 wyverns
  A golden eye (shapeshifter) (D:15)
  10 hippogriffs
  A deep elf fighter (D:15)
  A tarantella (shapeshifter) (D:15)
  6 wargs
  6 wolves
  20 nagas
  2 black bears
  6 porcupines
  A black bear (shapeshifter) (D:15)
  A hell hound (Lair:7)
  2 ice beasts
  15 water moccasins
  31 orc warriors
  A wasp (D:15)
  8 ogres
  8 crocodiles
  An eye of draining (D:12)
  A phantom (D:6)
  16 centaurs
  26 giant frogs
  A brain worm (D:12)
  A big kobold (D:8)
  A wyvern zombie (D:14)
  A water moccasin skeleton (D:9)
  A wyvern skeleton (D:15)
  3 scorpions
  12 wights
  5 killer bees (D:8)
  4 crimson imps
  2 centaur zombies (D:8)
  A draconian simulacrum (IceCv)
  6 hounds
  3 giant frog zombies
  2 jellies
  39 orc wizards
  24 orc priests
  18 iguanas
  6 worker ants
  A troll simulacrum (IceCv)
  30 sheep
  A spriggan simulacrum (IceCv)
  3 centaur simulacra
  A killer bee zombie (D:10)
  A hound zombie (D:10)
  2 ogre simulacra (IceCv)
  3 naga simulacra (IceCv)
  3 gnolls (D:10)
  9 adders
  29 river rats
  A shadow imp (D:7)
  3 oozes
  An adder skeleton (D:5)
  3 worms
  A giant gecko (D:8)
  140 orcs
  3 ball pythons
  3 bats
  A hobgoblin (D:1)
  7 jackals
  8 kobolds
  2 giant cockroaches
  A giant gecko zombie (D:8)
  2 giant newts
  8 goblins
  2 quokkas
  A quokka zombie (D:6)
  5 rats
882 creatures vanquished.

Vanquished Creatures (others)
  23 fungi
  8 plants
31 creatures vanquished.

Grand Total: 913 creatures vanquished

Notes
Turn   | Place    | Note
--------------------------------------------------------------
     0 | D:1      | achirane the Troll Transmuter began the quest for the Orb.
     0 | D:1      | Reached XP level 1. HP: 18/18 MP: 1/1
   220 | D:1      | Reached XP level 2. HP: 26/26 MP: 2/2
   335 | D:2      | Reached skill level 2 in Transmutations
   462 | D:3      | Reached XP level 3. HP: 22/32 MP: 3/3
   546 | D:3      | Reached XP level 4. HP: 38/40 MP: 4/4
   601 | D:3      | Found a shimmering altar of Xom.
   604 | D:3      | Found a sparkling altar of Nemelex Xobeh.
   896 | D:4      | Reached skill level 3 in Transmutations
   931 | D:5      | Entered Level 5 of the Dungeon
  1071 | D:4      | Noticed an ogre
  1152 | D:5      | You fall through a shaft for 2 floors!
  1152 | D:7      | Noticed a centaur
  1159 | D:7      | Noticed a giant frog
  1188 | D:7      | Found a staircase to the Ecumenical Temple.
  1199 | Temple   | Entered the Ecumenical Temple
  1207 | Temple   | Reached skill level 4 in Unarmed Combat
  1310 | Temple   | Became a worshipper of Dithmenos the Shadowed
  1341 | Temple   | Killed a giant frog
  1341 | Temple   | Reached XP level 5. HP: 23/46 MP: 5/5
  1442 | D:7      | Killed a centaur
  1442 | D:7      | Reached skill level 4 in Transmutations
  1442 | D:7      | Reached XP level 6. HP: 49/54 MP: 6/6
  1484 | D:7      | Noticed an ice beast
  1495 | D:7      | HP: 13/54 [ice beast (9)]
  1499 | D:7      | Killed an ice beast
  1563 | D:7      | Reached skill level 5 in Unarmed Combat
  1642 | D:7      | Noticed an orc warrior
  1642 | D:7      | Noticed a giant frog
  1651 | D:7      | Killed a giant frog
  1651 | D:7      | Reached XP level 7. HP: 51/61 MP: 7/7
  1661 | D:7      | HP: 7/61 [orc warrior/scimitar (12)]
  1683 | D:7      | Killed an orc warrior
  1683 | D:7      | Reached skill level 5 in Transmutations
  1883 | D:7      | Noticed a black bear
  1895 | D:7      | Killed a black bear
  1907 | D:7      | Learned a level 4 spell: Ice Form
  2003 | D:6      | Reached skill level 6 in Unarmed Combat
  2003 | D:6      | Reached skill level 1 in Ice Magic
  2003 | D:6      | Reached XP level 8. HP: 41/68 MP: 8/8
  2084 | D:6      | Found a burning altar of Makhleb.
  2281 | D:8      | Reached skill level 2 in Ice Magic
  2312 | D:8      | Acquired Dithmenos's first power
  2325 | D:8      | Reached skill level 7 in Unarmed Combat
  2386 | D:8      | Reached skill level 3 in Ice Magic
  2420 | D:8      | Noticed Psyche
  2438 | D:8      | Noticed a two-headed ogre
  2440 | D:8      | HP: 16/68 [Psyche/dagger of distortion (22)]
  2441 | D:8      | Killed Psyche
  2441 | D:8      | Reached skill level 8 in Unarmed Combat
  2441 | D:8      | Reached skill level 4 in Ice Magic
  2441 | D:8      | Reached XP level 9. HP: 17/75 MP: 7/9
  2605 | D:8      | Found an iron altar of Okawaru.
  2894 | D:8      | Found a blossoming altar of Fedhas.
  2979 | D:9      | Found a staircase to the Orcish Mines.
  3014 | D:9      | Noticed a hill giant
  3024 | D:9      | Found Muachuog's Magic Scroll Boutique.
  3026 | D:9      | Found a burning altar of Makhleb.
  3034 | D:9      | Bought a scroll of identify for 22 gold pieces
  3034 | D:9      | Bought a scroll of identify for 22 gold pieces
  3034 | D:9      | Bought a scroll of identify for 22 gold pieces
  3034 | D:9      | Bought a scroll of identify for 22 gold pieces
  3034 | D:9      | Bought a scroll of identify for 22 gold pieces
  3144 | D:10     | Entered Level 10 of the Dungeon
  3173 | D:9      | Acquired Dithmenos's second power
  3204 | D:9      | Reached skill level 5 in Ice Magic
  3562 | D:10     | Reached skill level 9 in Unarmed Combat
  3575 | D:10     | Reached skill level 6 in Transmutations
  3790 | D:10     | Noticed a gargoyle
  4148 | D:11     | Noticed a gargoyle
  4259 | D:10     | Found a shimmering altar of Xom.
  4358 | D:10     | Noticed Fannar
  4446 | D:9      | Noticed a centaur skeleton
  4457 | D:9      | Killed a centaur skeleton
  4457 | D:9      | Reached skill level 6 in Ice Magic
  4457 | D:9      | Reached XP level 10. HP: 71/83 MP: 10/10
  4614 | D:9      | Killed a hill giant
  4670 | D:9      | Acquired Dithmenos's third power
  4783 | D:9      | Found a glowing silver altar of Zin.
  4783 | D:9      | Found a radiant altar of Vehumet.
  4815 | D:9      | Found a sparkling altar of Nemelex Xobeh.
  5023 | D:11     | Reached skill level 7 in Transmutations
  5163 | D:11     | HP: 20/83 [warg (9)]
  5169 | D:11     | Noticed a hill giant
  5231 | D:11     | Killed a hill giant
  5250 | D:11     | Found a staircase to the Lair.
  5259 | Lair:1   | Entered Level 1 of the Lair of Beasts
  5266 | Lair:1   | Reached skill level 7 in Ice Magic
  5331 | Lair:1   | Reached skill level 10 in Unarmed Combat
  5365 | Lair:1   | Learned a level 2 spell: Stoneskin
  5375 | Lair:1   | Noticed tp1's ghost (experienced GrBe)
  5450 | Lair:2   | Reached skill level 1 in Fighting
  5479 | Lair:2   | Noticed a four-headed hydra
  5486 | Lair:2   | Noticed a seven-headed hydra
  5518 | Lair:2   | Killed a seven-headed hydra
  5518 | Lair:2   | Reached skill level 2 in Fighting
  5518 | Lair:2   | Reached skill level 2 in Dodging
  5700 | Lair:2   | HP: 22/88 [poisoned by a spiny frog]
  5705 | Lair:2   | HP: 20/88 [poisoned by a spiny frog]
  5710 | Lair:2   | HP: 20/88 [poisoned by a spiny frog]
  5716 | Lair:2   | HP: 21/88 [poisoned by a spiny frog]
  5721 | Lair:2   | HP: 22/88 [poisoned by a spiny frog]
  5814 | Lair:2   | Noticed Urug
  5840 | Lair:2   | Reached XP level 11. HP: 80/96 MP: 11/11
  6074 | Lair:2   | Killed Urug
  6074 | Lair:2   | Reached skill level 3 in Fighting
  6153 | Lair:2   | Killed a four-headed hydra
  6153 | Lair:2   | Reached skill level 3 in Dodging
  6214 | Lair:2   | Acquired Dithmenos's fourth power
  6254 | Lair:3   | Reached skill level 4 in Fighting
  6439 | Lair:3   | Noticed a seven-headed hydra
  6466 | Lair:3   | Killed a seven-headed hydra
  6466 | Lair:3   | Reached skill level 5 in Fighting
  6586 | Lair:3   | Reached skill level 4 in Dodging
  6742 | Lair:3   | Noticed a seven-headed hydra
  6846 | Lair:3   | Killed a seven-headed hydra
  6846 | Lair:3   | Reached skill level 6 in Fighting
  6846 | Lair:3   | Reached skill level 11 in Unarmed Combat
  7351 | Lair:5   | Found a frozen archway.
  7363 | Lair:5   | Reached XP level 12. HP: 107/115 MP: 12/12
  7399 | IceCv    | Entered an ice cave
  7411 | IceCv    | Reached skill level 5 in Dodging
  7432 | IceCv    | Reached skill level 7 in Fighting
  7816 | IceCv    | Reached skill level 8 in Fighting
  8082 | Lair:4   | Noticed a seven-headed hydra
  8196 | Lair:4   | Reached skill level 6 in Dodging
  8329 | Lair:3   | Reached skill level 12 in Unarmed Combat
  8329 | Lair:3   | HP: 35/146 [yak[a torpor snail] (8)]
  8496 | Lair:4   | Reached skill level 9 in Fighting
  8517 | Lair:4   | Found a staircase to the Snake Pit.
  8601 | Lair:4   | Killed a seven-headed hydra
  8968 | Lair:6   | Reached XP level 13. HP: 131/131 MP: 9/13
  9079 | Lair:6   | Found a staircase to the Shoals.
  9828 | Lair:7   | Noticed DizzySkin's ghost (powerful MiFi)
  9933 | Lair:7   | Reached skill level 7 in Dodging
 10060 | Lair:7   | Reached skill level 10 in Fighting
 10163 | Lair:7   | HP: 30/133 [griffon (13)]
 10445 | Lair:8   | Entered Level 8 of the Lair of Beasts
 10470 | Lair:8   | Learned a level 6 spell: Statue Form
 10748 | Lair:8   | Reached skill level 13 in Unarmed Combat
 10749 | Lair:8   | Reached skill level 8 in Dodging
 10751 | Lair:8   | HP: 22/163 [death yak (22)]
 10753 | Lair:8   | Reached skill level 11 in Fighting
 10761 | Lair:8   | HP: 34/164 [death yak (18)]
 10905 | Lair:8   | Noticed graki42's ghost (powerful DEFE)
 11068 | Snake:1  | Entered Level 1 of the Snake Pit
 11079 | Lair:4   | Yermak: Polymorph wand is much more effective in this situation
 11086 | Lair:4   | Yermak: also casting ice form with ring of fire is stupid
 11086 | Lair:4   | achirane: ho thx
 11278 | Snake:1  | Reached XP level 14. HP: 128/146 MP: 10/14
 11692 | Snake:1  | Found Cuaghekh's Antique Weapon Emporium.
 11971 | Snake:1  | Bought a blowgun for 95 gold pieces
 12219 | Snake:1  | Reached skill level 1 in Evocations
 12599 | Snake:3  | Noticed a greater naga
 12699 | Snake:3  | Killed a greater naga
 12699 | Snake:3  | Reached skill level 2 in Evocations
 12816 | Snake:3  | Reached skill level 9 in Dodging
 12908 | Snake:4  | Entered Level 4 of the Snake Pit
 12909 | Snake:4  | Noticed a greater naga
 12924 | Snake:4  | Killed a greater naga
 13261 | Snake:4  | Reached skill level 3 in Evocations
 13413 | Snake:4  | HP: 40/175 [naga warrior/scimitar (30)]
 13603 | Snake:4  | Reached skill level 14 in Unarmed Combat
 13716 | Snake:4  | Noticed Louise
 13723 | Snake:4  | Noticed a greater naga
 13723 | Snake:4  | Noticed a greater naga
 13726 | Snake:4  | Noticed a greater naga
 13932 | Snake:4  | Noticed a greater naga
 14084 | Snake:3  | HP: 32/175 [anaconda (12)]
 14392 | Snake:3  | Noticed Asterion
 14744 | Orc:1    | Entered Level 1 of the Orcish Mines
 14790 | Orc:1    | Noticed Maurice
 14839 | Orc:1    | Killed Maurice
 14864 | Orc:1    | Found a shimmering altar of Xom.
 15064 | Orc:3    | Noticed an orc warlord
 15091 | Orc:2    | Reached skill level 4 in Evocations
 15159 | Orc:2    | Found Finitoyx's Distillery.
 15166 | Orc:2    | Bought a potion of resistance for 110 gold pieces
 15393 | Orc:3    | Killed an orc warlord
 15531 | Orc:4    | Entered Level 4 of the Orcish Mines
 15537 | Orc:3    | Found Peok's Magic Scroll Shop.
 15568 | Orc:3    | Noticed Snorg
 15579 | Orc:3    | Killed Snorg
 15993 | Orc:4    | Found a staircase to the Elven Halls.
 16417 | Orc:4    | Reached XP level 15. HP: 154/154 MP: 8/17
 16512 | Orc:4    | Reached skill level 10 in Dodging
 16523 | Orc:4    | Noticed an orc warlord
 16544 | Orc:4    | Killed an orc warlord
 16597 | Orc:4    | Reached skill level 5 in Evocations
 16721 | Orc:4    | Paralysed by an orc sorcerer for 7 turns
 16907 | Orc:4    | Found Tiathrymeu's General Store.
 16912 | Orc:4    | Found Xinisotu's Book Shoppe.
 16914 | Orc:4    | Found Lizxisheed's Antique Armour Emporium.
 16914 | Orc:4    | Found Zozxiec's Antique Weapon Emporium.
 16995 | Orc:4    | Bought a book of Hinderance for 240 gold pieces
 16995 | Orc:4    | Bought a book of Air for 420 gold pieces
 16998 | Orc:4    | Learned a level 2 spell: Repel Missiles
 17008 | Orc:4    | Bought an embroidered robe for 23 gold pieces
 17018 | Orc:4    | Bought an embroidered robe for 23 gold pieces
 17217 | D:9      | Bought a scroll of acquirement for 572 gold pieces
 17279 | D:10     | Killed a gargoyle
 17556 | D:13     | Reached skill level 1 in Air Magic
 17694 | D:14     | Reached skill level 1 in Charms
 17914 | D:14     | Found a gate to the Vaults.
 18105 | D:14     | Reached skill level 2 in Air Magic
 18123 | D:14     | Reached skill level 2 in Charms
 18134 | D:14     | HP: 39/184 [griffon (13)]
 18166 | D:14     | HP: 45/184 [skeletal warrior/dire flail (5)]
 18170 | D:14     | Reached skill level 15 in Unarmed Combat
 18277 | D:15     | Entered Level 15 of the Dungeon
 18586 | D:15     | Reached skill level 2 in Spellcasting
 18593 | D:15     | Learned a level 2 spell: Confusing Touch
 18605 | D:15     | Noticed Roxanne
 19025 | D:15     | Reached skill level 3 in Spellcasting
 19067 | D:15     | HP: 29/184 [mature shockfire beast/blast of flame[the player character] (100)]
 19531 | D:15     | Found a staircase to the Depths.
 19587 | Depths:1 | Entered Level 1 of the Depths
 19799 | Lair:1   | Noticed Erica
 19959 | Shoals:1 | Entered Level 1 of the Shoals
 19992 | Shoals:1 | Reached skill level 1 in Earth Magic
 20129 | Shoals:1 | Reached skill level 2 in Earth Magic
 20227 | Shoals:1 | Reached XP level 16. HP: 154/163 MP: 20/20
 20252 | Shoals:1 | Reached skill level 3 in Earth Magic
 20474 | Shoals:3 | Found Xytud's Gadget Shoppe.
 20566 | Shoals:4 | Entered Level 4 of the Shoals
 20571 | Shoals:4 | Reached skill level 4 in Earth Magic
 20586 | Shoals:4 | Noticed Ilsuiw
 20796 | Shoals:3 | Reached skill level 5 in Earth Magic
 20910 | Shoals:4 | HP: 44/195 [merfolk impaler/demon trident of draining (24)]
 21254 | Shoals:3 | Reached skill level 6 in Earth Magic
 21555 | Shoals:3 | Reached skill level 7 in Earth Magic
 22360 | Shoals:4 | Reached skill level 8 in Earth Magic
 22608 | Shoals:3 | HP: 47/195 [harpy (5)]
 22613 | Shoals:2 | HP: 29/163 [merfolk/trident (13)]
 22615 | Shoals:2 | HP: 13/163 [merfolk impaler/trident of freezing (4)]
 22632 | Shoals:2 | HP: 2/195 [water nymph/the raging water (19)]
 22639 | Shoals:2 | HP: 9/195 [water nymph/the raging water (12)]
 22640 | Shoals:2 | Killed from afar by a water nymph

Vault maps used:
D:1:      minmay_arrival_stair_chambers
D:2:      glass_columns_a, minmay_vboxes, uniq_iyjb, uniq_crazy_yiuf_cottage
D:3:      minitemple, first_bread, serial_bayou, serial_bayou_pond_d,
          serial_bayou_lagoon_b, serial_bayou_ford_a, serial_bayou_shore_a
D:5:      uniq_eustachio
D:6:      kennysheep_mini_moat
D:7:      tso_altar, minmay_temple_entry_trees, the_bakery, ashenzari_altar_1
D:8:      okawaru_trees_2, fedhas_altar_fruit_tree, uniq_psyche
D:9:      gammafunk_temple_overflow_wave, orc_0_dummy, serial_shops, shop,
          basic_altar, nemelex_dance_club_becter
D:10:     tgw_xom, uniq_fannar
D:11:     erik_lair_orcish_takeover
D:12:     enter_bailey_3
D:13:     trove_entry_hex_spiral, uniq_erolcha
D:14:     david_vaults_1, minivault_11, kb_tengu_band
D:15:     gammafunk_enter_depths_forms, minmay_tree_intersection,
          minmay_strange_pillars, uniq_roxanne
Temple:   eino_temple_water_12
Lair:1:   dpeg_oklob_gauntlet, beast_lair_carwin_4, uniq_erica
Lair:2:   enter_volcano_3, grunt_megastairs_2, uniq_urug
Lair:3:   special_room, grunt_forest_small_clearing_treed,
          infiniplex_staircase_pool
Lair:4:   minmay_snake_entry_guardpost_medium
Lair:5:   portal_ice_cave_entry_pillars_01, lemuel_old_faithful,
          infiniplex_staircase_pool_2
Lair:6:   shoals_dummy_entry
Lair:7:   special_room, serial_bayou_shore_b
Lair:8:   minmay_lair_end_frog_pond, dpeg_slime_entry_corner, uniq_nessos
Shoals:2: nicolae_shoals_cliffside_cave, uniq_kirke
Shoals:3: serial_shops, nicolae_shop_crystal
Shoals:4: shoals_end_hangedman, shoal_ilsuiw
Snake:1:  hangedman_cross_stitches, serial_shops,
          nicolae_shop_temple_entry_statues_fountains, grunt_megastairs_3,
          lemuel_fruit_tree, uniq_rupert
Snake:2:  uniq_agnes
Snake:3:  uniq_asterion
Snake:4:  snake_pit, corexii_hall_statues_x, uniq_louise
Orc:1:    basic_altar, uniq_maurice
Orc:2:    serial_shops, shop
Orc:3:    serial_shops, shop_fountains, nicolae_orc_pool_cavern, uniq_snorg
Orc:4:    st_orc_congregation
Depths:1: enter_ziggurat_b, hell_entry, minmay_misc_feat_pillars,
          minmay_hedge_maze, kennysheep_small_square, grunt_megastairs_4,
          serial_bayou_shore_b, uniq_norris
IceCv:    ice_cave_tombish

Action                   |  1- 3 |  4- 6 |  7- 9 | 10-12 | 13-15 | 16-18 || total
-------------------------+-------+-------+-------+-------+-------+-------++-------
Melee: Unarmed           |    64 |   112 |   411 |   672 |  1432 |   231 ||  2922
 Fire: Blowgun           |       |       |       |       |    67 |    48 ||   115
Throw: Stone             |       |     5 |    19 |     9 |       |       ||    33
       Javelin           |       |       |       |    37 |    17 |     9 ||    63
       Tomahawk          |       |       |       |       |     4 |     4 ||     8
       Large rock        |       |       |       |       |    25 |    64 ||    89
 Cast: Beastly Appendage |       |       |     1 |       |       |       ||     1
       Ice Form          |       |       |       |    32 |   120 |    22 ||   174
       Repel Missiles    |       |       |       |       |     4 |     3 ||     7
Invok: Shadow Step       |       |       |       |     1 |    14 |       ||    15
 Abil: End Transformatio |       |       |       |       |    19 |    10 ||    29
Evoke: Wand              |       |       |       |     7 |    20 |     2 ||    29
       Box of beasts     |       |       |       |       |     1 |     1 ||     2
  Use: Scroll            |     1 |     5 |    13 |    10 |    22 |     5 ||    56
       Potion            |       |     1 |     3 |     3 |    11 |     7 ||    25
 Stab: Sleeping          |       |       |       |     9 |    27 |    17 ||    53
       Distracted        |       |       |       |     1 |     7 |       ||     8
  Eat: Chunk             |     6 |    15 |    22 |    54 |   121 |    25 ||   243
       Fruit             |       |       |       |       |    14 |       ||    14
       Beef jerky        |       |       |       |       |     2 |     1 ||     3
       Royal jelly       |       |       |       |       |     1 |       ||     1
       Pizza             |       |       |       |       |     1 |       ||     1

Vault maps used:
D:1:      minmay_arrival_stair_chambers
D:2:      glass_columns_a, minmay_vboxes, uniq_iyjb, uniq_crazy_yiuf_cottage
D:3:      minitemple, first_bread, serial_bayou, serial_bayou_pond_d,
          serial_bayou_lagoon_b, serial_bayou_ford_a, serial_bayou_shore_a
D:5:      uniq_eustachio
D:6:      kennysheep_mini_moat
D:7:      tso_altar, minmay_temple_entry_trees, the_bakery, ashenzari_altar_1
D:8:      okawaru_trees_2, fedhas_altar_fruit_tree, uniq_psyche
D:9:      gammafunk_temple_overflow_wave, orc_0_dummy, serial_shops, shop,
          basic_altar, nemelex_dance_club_becter
D:10:     tgw_xom, uniq_fannar
D:11:     erik_lair_orcish_takeover
D:12:     enter_bailey_3
D:13:     trove_entry_hex_spiral, uniq_erolcha
D:14:     david_vaults_1, minivault_11, kb_tengu_band
D:15:     gammafunk_enter_depths_forms, minmay_tree_intersection,
          minmay_strange_pillars, uniq_roxanne
Temple:   eino_temple_water_12
Lair:1:   dpeg_oklob_gauntlet, beast_lair_carwin_4, uniq_erica
Lair:2:   enter_volcano_3, grunt_megastairs_2, uniq_urug
Lair:3:   special_room, grunt_forest_small_clearing_treed,
          infiniplex_staircase_pool
Lair:4:   minmay_snake_entry_guardpost_medium
Lair:5:   portal_ice_cave_entry_pillars_01, lemuel_old_faithful,
          infiniplex_staircase_pool_2
Lair:6:   shoals_dummy_entry
Lair:7:   special_room, serial_bayou_shore_b
Lair:8:   minmay_lair_end_frog_pond, dpeg_slime_entry_corner, uniq_nessos
Shoals:2: nicolae_shoals_cliffside_cave, uniq_kirke
Shoals:3: serial_shops, nicolae_shop_crystal
Shoals:4: shoals_end_hangedman, shoal_ilsuiw
Snake:1:  hangedman_cross_stitches, serial_shops,
          nicolae_shop_temple_entry_statues_fountains, grunt_megastairs_3,
          lemuel_fruit_tree, uniq_rupert
Snake:2:  uniq_agnes
Snake:3:  uniq_asterion
Snake:4:  snake_pit, corexii_hall_statues_x, uniq_louise
Orc:1:    basic_altar, uniq_maurice
Orc:2:    serial_shops, shop
Orc:3:    serial_shops, shop_fountains, nicolae_orc_pool_cavern, uniq_snorg
Orc:4:    st_orc_congregation
Depths:1: enter_ziggurat_b, hell_entry, minmay_misc_feat_pillars,
          minmay_hedge_maze, kennysheep_small_square, grunt_megastairs_4,
          serial_bayou_shore_b, uniq_norris
IceCv:    ice_cave_tombish

Table legend:
 A = Turns spent in this place as a percentage of turns spent in the entire game.
 B = Non-inter-level travel turns spent in this place as a percentage of non-inter-level travel turns spent in the entire game.
 C = Inter-level travel turns spent in this place as a percentage of turns spent in this place.
 D = Turns resting spent in this place as a percentage of non-inter-level travel turns spent in this place.
 E = Turns spent auto-exploring this place as a percentage of non-inter-level travel turns spent in this place.
 F = Non-inter-level travel turns spent in this place divided by the number of levels of this place that you've seen.
                   A       B       C       D       E      F
               +-------+-------+-------+-------+-------+----------------------
         Total | 100.0 | 100.0 |   0.2 |   0.7 |   0.4 | 463.4
       Dungeon |  30.8 |  30.8 |   0.3 |   0.2 |   1.3 | 361.8
        Temple |   1.1 |   1.1 |   0.5 |   1.1 |   0.0 | 189.0
          Lair |  26.0 |  25.9 |   0.4 |   0.7 |   0.2 | 570.4
        Shoals |  11.8 |  11.8 |   0.0 |   1.1 |   0.0 | 521.0
     Snake Pit |  15.6 |  15.6 |   0.0 |   1.8 |   0.0 | 688.0
  Orcish Mines |  12.4 |  12.4 |   0.2 |   0.1 |   0.0 | 546.0
        Depths |   0.0 |   0.0 |   0.0 |   0.0 |   0.0 |   3.0
      Ice Cave |   2.3 |   2.3 |   0.0 |   1.5 |   0.0 | 406.0
               +-------+-------+-------+-------+-------+----------------------

Table legend:
 A = Kills in this place as a percentage of kills in entire the game.
 B = Kills by you in this place as a percentage of kills by you in the entire game.
 C = Kills by friends in this place as a percentage of kills by friends in the entire game.
 D = Other kills in this place as a percentage of other kills in the entire game.
 E = Experience gained in this place as a percentage of experience gained in the entire game.
 F = Experience gained in this place divided by the number of levels of this place that you have seen.
                   A       B       C       D       E      F
               +-------+-------+-------+-------+-------+----------------------
         Total | 100.0 | 100.0 |  -nan | 100.0 | 100.0 | 4877.5
       Dungeon |  29.7 |  29.6 |  -nan | 100.0 |  24.1 | 2983.8
        Temple |   0.6 |   0.6 |  -nan |   0.0 |   0.1 | 134.0
          Lair |  27.0 |  27.0 |  -nan |   0.0 |  26.1 | 6044.9
        Shoals |   8.5 |   8.5 |  -nan |   0.0 |  19.3 | 8959.2
     Snake Pit |   6.9 |   6.9 |  -nan |   0.0 |  17.0 | 7888.5
  Orcish Mines |  24.7 |  24.7 |  -nan |   0.0 |  10.0 | 4614.5
      Ice Cave |   2.7 |   2.7 |  -nan |   0.0 |   3.4 | 6246.0
               +-------+-------+-------+-------+-------+----------------------
